 Dungeon Crawl Stone Soup version 0.28-a0-1506-g3893175d92 (webtiles) character file.

Game seed: 15531058508679122764

926 oldriver the Ducker (level 8, -7/63 HPs)
             Began as a Gnoll Gladiator on Jan 14, 2022.
             Killed from afar by Dowan (10 damage)
             ... with a shard of ice
             ... on level 5 of the Dungeon.
             The game lasted 00:05:38 (5200 turns).

oldriver the Ducker (Gnoll Gladiator)               Turns: 5200, Time: 00:05:40

Health: -7/63      AC: 11    Str: 25    XL:     8   Next: 10%
Magic:  12/12      EV:  7    Int:  9    God:
Gold:   178        SH: 16    Dex: 13    Spells: 13/13 levels left

rFire   + . .      SeeInvis .   t - +0 whip (vamp)
rCold   . . .      Faith    .   b - +4 tower shield of Ufufunegh {Str+4}
rNeg    . . .      Spirit   .   f - +0 chain mail
rPois   .          Reflect  .   c - +1 helmet
rElec   .          Harm     .   (no cloak)
rCorr   .          Rampage  .   (no gloves)
Will    .....                   (no boots)
Stlth   ..........              (no amulet)
HPRegen 0.20/turn               q - +6 ring of strength
MPRegen 0.13/turn               (no ring)

@: brilliant, hasted, unable to read, very quick
A: fangs 1, strong nose, distributed training, fire resistance 1, screaming 1,
inability to read while threatened
a: no special abilities


You were on level 5 of the Dungeon.
You visited 1 branch of the dungeon, and saw 5 of its levels.
You also visited: Sewer.

You collected 178 gold pieces.

Inventory:

Hand Weapons
 l - a +1 battleaxe
 t - a +0 vampiric whip (weapon)
Missiles
 d - 3 throwing nets (quivered)
Armour
 b - the +4 tower shield of Ufufunegh (worn) {Str+4}
   (You found it on level 4 of the Dungeon)

   Str:       It affects your strength (+4).
 c - a +1 helmet (worn)
 f - a +0 chain mail (worn)
Jewellery
 q - a +6 ring of strength (left hand)
Scrolls
 a - a scroll of acquirement {unknown}
 h - a scroll of torment {unknown}
 i - a scroll of fog {unknown}
 j - a scroll of brand weapon {unknown}
 k - 2 scrolls of summoning {unknown}
 m - 2 scrolls of noise
 s - 3 scrolls of identify
Potions
 e - 2 potions of curing
 o - a potion of cancellation {unknown}
 p - 2 potions of mutation
 r - a potion of heal wounds {unknown}


   Skills:
 + Level 5.5 Fighting
 + Level 3.0 Short Blades
 + Level 7.2 Long Blades
 + Level 3.0 Axes
 + Level 3.0 Maces & Flails
 + Level 3.0 Polearms
 + Level 3.0 Staves
 + Level 3.0 Slings
 + Level 3.0 Bows
 + Level 3.0 Crossbows
 + Level 5.5 Throwing
 + Level 3.0 Armour
 + Level 7.2 Dodging
 + Level 3.0 Stealth
 + Level 3.0 Shields
 + Level 3.0 Unarmed Combat
 + Level 3.0 Spellcasting
 + Level 2.4 Conjurations
 + Level 2.4 Hexes
 + Level 2.4 Summonings
 + Level 2.4 Necromancy
 + Level 2.4 Translocations
 + Level 2.4 Transmutations
 + Level 2.4 Fire Magic
 + Level 2.4 Ice Magic
 + Level 2.4 Air Magic
 + Level 2.4 Earth Magic
 + Level 2.4 Poison Magic
 + Level 3.2 Invocations
 + Level 3.0 Evocations


You had 13 spell levels left.
You didn't know any spells.
Your spell library contained the following spells:

 Spells                   Type           Power      Damage    Failure   Level
 Gell's Gravitas          Tloc           8%         N/A       100%        3
 Lesser Beckoning         Tloc           8%         N/A       100%        3
 Teleport Other           Tloc           8%         N/A       100%        3


Dungeon Overview and Level Annotations

Branches:
Dungeon (5/15)              Sewer (visited)
 Temple: D:4-7

Altars:
Fedhas
Okawaru
Trog
Zin
The Shining One

Shops:
D:1 *?*(

Annotations:
D:4 2 transporters, sirJeffrey23's ghost, amateur HOGl
D:5 Dowan


Innate Abilities, Weirdness & Mutations

You have very sharp teeth.
Your uncanny sense of smell can sniff out nearby items.
Your experience applies equally to all skills.
Your flesh is heat resistant. (rF+)
You occasionally shout uncontrollably at your foes.
You sometimes lose the ability to read scrolls when taking damage.


Message History

It was a potion of brilliance.
You feel clever all of a sudden.
You can read scrolls again.
Duvessa barely misses you.
You feel better.
You hit Duvessa.
You kill Duvessa!
You hear a distant wail of despair.
Your Short Blades skill increases to level 3!
Your Axes skill increases to level 3!
Your Maces & Flails skill increases to level 3!
Your Polearms skill increases to level 3!
Your Staves skill increases to level 3!
Your Slings skill increases to level 3!
Your Bows skill increases to level 3!
Your Crossbows skill increases to level 3!
Your Armour skill increases to level 3!
Your Stealth skill increases to level 3!
Your Shields skill increases to level 3!
Your Unarmed Combat skill increases to level 3!
Your Spellcasting skill increases to level 3!
Your Evocations skill increases to level 3!
You have reached level 8!
You feel clever.
Dowan seems to find hidden reserves of power!
You block Dowan's attack.
You barely miss Dowan.
Dowan hits you with a +1 dagger of electrocution.
You feel threatened and lose the ability to read scrolls!
* * * LOW HITPOINT WARNING * * *
You barely miss Dowan.
Dowan hits you with a +1 dagger of electrocution.
* * * LOW HITPOINT WARNING * * *
You barely miss Dowan. Your bite misses Dowan.
Dowan hits you with a +1 dagger of electrocution.
* * * LOW HITPOINT WARNING * * *
You are electrocuted!
* * * LOW HITPOINT WARNING * * *
Dowan points at you and mumbles some strange words.
The shard of ice hits you!
You die...

##.###.##....##########
......................#
...###..#.......#######
...# #.#.......## #..#
#........## #..#
######...# ...# #..(#
...# #...####### ∆ ..##
#...)e@...# ..
#...#####.# #..... .#
#♣....c .. ♣...... .##
.e....## .# ♣_...... .#
♣..e...## ##


You could see Dowan (fast).

Vanquished Creatures
  Duvessa (D:5)
  Pargi (Sewer)
  2 black bears
  A necrophage (D:4)
  An ogre (D:2)
  A centaur (D:5)
  A hound (D:4)
  An orc priest (D:4)
  A scorpion zombie (D:5)
  A howler monkey skeleton (D:4)
  10 adders
  8 dart slugs
  8 orcs
  9 endoplasms
  9 giant cockroaches
  8 goblins
  10 hobgoblins
  2 jackals (D:1)
  A quokka (D:1)
  7 ball pythons
  6 bats
  5 frilled lizards
  3 kobolds
  5 rats
102 creatures vanquished.

Vanquished Creatures (others)
  A plant (D:4)
1 creature vanquished.

Grand Total: 103 creatures vanquished

Notes
Turn   | Place    | Note
-------+----------+-------------------------------------------
     0 | D:1      | oldriver the Gnoll Gladiator began the quest for the Orb.
     0 | D:1      | Reached XP level 1. HP: 20/20 MP: 1/1
    69 | D:1      | Reached XP level 2. HP: 18/26 MP: 2/2
   334 | D:1      | Reached XP level 3. HP: 20/31 MP: 3/3
   464 | D:1      | Found a faded altar of an unknown god.
   522 | D:1      | Found Direetaz's Weapon Emporium.
   522 | D:1      | Found Aheus's Magic Scroll Shoppe.
   525 | D:1      | Found Sitz's General Store.
   672 | D:1      | Reached skill level 1 in Invocations
   677 | D:1      | Found Heihaop's General Store.
   874 | D:2      | Reached skill level 1 in Short Blades
   874 | D:2      | Reached skill level 1 in Axes
   874 | D:2      | Reached skill level 1 in Maces & Flails
   874 | D:2      | Reached skill level 1 in Polearms
   874 | D:2      | Reached skill level 1 in Staves
   874 | D:2      | Reached skill level 1 in Slings
   874 | D:2      | Reached skill level 1 in Bows
   874 | D:2      | Reached skill level 1 in Crossbows
   874 | D:2      | Reached skill level 1 in Armour
   874 | D:2      | Reached skill level 1 in Stealth
   874 | D:2      | Reached skill level 1 in Shields
   874 | D:2      | Reached skill level 1 in Unarmed Combat
   874 | D:2      | Reached skill level 1 in Spellcasting
   874 | D:2      | Reached skill level 1 in Evocations
  1347 | D:2      | Reached XP level 4. HP: 38/38 MP: 5/5
  1782 | D:2      | Reached skill level 1 in Conjurations
  1782 | D:2      | Reached skill level 1 in Hexes
  1782 | D:2      | Reached skill level 1 in Summonings
  1782 | D:2      | Reached skill level 1 in Necromancy
  1782 | D:2      | Reached skill level 1 in Translocations
  1782 | D:2      | Reached skill level 1 in Transmutations
  1782 | D:2      | Reached skill level 1 in Fire Magic
  1782 | D:2      | Reached skill level 1 in Ice Magic
  1782 | D:2      | Reached skill level 1 in Air Magic
  1782 | D:2      | Reached skill level 1 in Earth Magic
  1782 | D:2      | Reached skill level 1 in Poison Magic
  1832 | D:2      | Noticed an ogre
  1841 | D:2      | Killed an ogre
  1842 | D:2      | Reached XP level 5. HP: 5/43 MP: 5/7
  2514 | D:3      | Noticed a black bear
  2661 | D:4      | Found a glowing golden altar of the Shining One.
  2678 | D:4      | Reached XP level 6. HP: 27/50 MP: 8/8
  2735 | D:4      | Found a transporter.
  2762 | D:4      | Found a glowing drain.
  2772 | D:4      | Identified the +4 tower shield of Ufufunegh {Str+4}
  2904 | Sewer    | Entered a sewer
  3005 | Sewer    | Noticed Pargi
  3065 | Sewer    | Gained mutation: You occasionally shout uncontrollably at
                  | your foes. [potion of mutation]
  3065 | Sewer    | Gained mutation: You sometimes lose the ability to read
                  | scrolls when taking damage. [potion of mutation]
  3065 | Sewer    | Gained mutation: Your flesh is heat resistant. (rF+)
                  | [potion of mutation]
  3072 | Sewer    | Killed Pargi
  3073 | Sewer    | Reached skill level 5 in Fighting
  3073 | Sewer    | Reached skill level 5 in Throwing
  3461 | D:4      | Found a transporter.
  3681 | D:3      | Found a blossoming altar of Fedhas.
  4010 | D:3      | Killed a black bear
  4011 | D:3      | Reached XP level 7. HP: 35/56 MP: 10/10
  4159 | D:3      | Found a bloodstained altar of Trog.
  4159 | D:3      | Found an iron altar of Okawaru.
  4510 | D:4      | Noticed sirJeffrey23's ghost (amateur HOGl)
  4999 | D:5      | Entered Level 5 of the Dungeon
  5150 | D:5      | Found a glowing silver altar of Zin.
  5151 | D:5      | Noticed Duvessa
  5152 | D:5      | Noticed Dowan
  5192 | D:5      | Killed Duvessa
  5193 | D:5      | Reached XP level 8. HP: 20/63 MP: 12/12
  5200 | D:5      | HP: 3/63 [Dowan (11)]
  5200 | D:5      | Killed from afar by Dowan

Illustrated notes

Levels and vault maps discovered:
D:1:      nzn_arrival_water_spiral, layout_basic,
          hellmonk_ecumenical_altar_lost_god, serial_shops, shop,
          nicolae_shop_trees, shop, shop
D:2:      layout_loops_ring, grunt_decor_arrowhead, kennysheep_generic_room_12
D:3:      layout_basic, nicolae_overflow_crystal_walls,
          grunt_temple_overflow_bloody_war, minmay_misc_feat_four_crosses
D:4:      layout_cave_pods, tso_oasis_becter, serial_column_ruins,
          column_ruins_hut, column_ruins_open_large, column_ruins_open_tiny,
          column_ruins_corridor_corner, gup_sewer_entry_glass,
          gammafunk_ghost_mausoleum
D:5:      layout_loops_cross, zin_academy, temple_green, serial_shops,
          nicolae_lakefront_shop, minmay_circle_x, uniq_duvessa, uniq_edmund

Skill      XL: |  1  2  3  4  5  6  7 |
---------------+----------------------+-----
Invocations    | 1 2 3 |  3.2
Short Blades   | 1 2 3 |  3.0
Axes           | 1 2 3 |  3.0
Maces & Flails | 1 2 3 |  3.0
Polearms       | 1 2 3 |  3.0
Staves         | 1 2 3 |  3.0
Slings         | 1 2 3 |  3.0
Bows           | 1 2 3 |  3.0
Crossbows      | 1 2 3 |  3.0
Armour         | 1 2 3 |  3.0
Stealth        | 1 2 3 |  3.0
Shields        | 1 2 3 |  3.0
Unarmed Combat | 1 2 3 |  3.0
Spellcasting   | 1 2 3 |  3.0
Evocations     | 1 2 3 |  3.0
Conjurations   | 1 2 |  2.4
Hexes          | 1 2 |  2.4
Summonings     | 1 2 |  2.4
Necromancy     | 1 2 |  2.4
Translocations | 1 2 |  2.4
Transmutations | 1 2 |  2.4
Fire Magic     | 1 2 |  2.4
Ice Magic      | 1 2 |  2.4
Air Magic      | 1 2 |  2.4
Earth Magic    | 1 2 |  2.4
Poison Magic   | 1 2 |  2.4
Fighting       | 5 |  5.5
Throwing       | 5 |  5.5
Long Blades    | 7 |  7.2
Dodging        | 7 |  7.2

Action                   |  1- 3 |  4- 6 |  7- 9 || total
-------------------------+-------+-------+-------++-------
Melee: Long sword        |   109 |   129 |       ||   238
       Bite              |    10 |    18 |     9 ||    37
       Punch             |     1 |       |       ||     1
       Battleaxe         |       |    63 |       ||    63
       Whip              |       |    42 |   114 ||   156
  Use: Potion            |       |     5 |     3 ||     8
       Scroll            |       |     5 |       ||     5
 Stab: Sleeping          |     1 |     1 |       ||     2
Armor: Leather armour    |    37 |    24 |       ||    61
       Chain mail        |       |   147 |    55 ||   202
Dodge: Dodged            |    90 |   129 |    25 ||   244
Block: Tower shield      |       |   245 |   121 ||   366

Table legend: (Time is in decaauts)
 A = Elapsed time spent in this place.
 B = Non-inter-level travel time spent in this place.
 C = Inter-level travel time spent in this place.
 D = Time resting spent in this place.
 E = Time spent auto-exploring this place.
 F = Levels seen in this place.
 G = Mean time per level.
                   A        B        C        D        E       F      G
               +--------+--------+--------+--------+--------+-----+--------+
         Total |   5409 |   5239 |    170 |   1145 |   2850 |   6 |  901.5 |
       Dungeon |   4802 |   4632 |    170 |    857 |   2755 |   5 |  960.4 |
         Sewer |    606 |    606 |      0 |    288 |     95 |   1 |  606.0 |
               +--------+--------+--------+--------+--------+-----+--------+

Top non-repeatable levels by time:
     D:2: 1600 daAuts
     D:4: 1229 daAuts
     D:3: 962 daAuts
     D:1: 798 daAuts
   Sewer: 606 daAuts
     D:5: 212 daAuts
